[Event "85th Armenian Mens-ch 2024"]
[Site "Yerevan"]
[Date "2024.11.29"]
[Round "6.1"]
[White "Sargsyan, Sargis Vach."]
[Black "Gharibyan, Mamikon"]
[Result "1-0"]
[ECO "E44"]
[WhiteElo "2321"]
[BlackElo "2462"]
[Annotator "TA"]
[PlyCount "67"]
[EventDate "2024.11.24"]
[EventCountry "ARM"]
[SourceTitle "playchess.com"]
[Source "ChessBase"]
[SourceQuality "1"]
[TimeControl "40/5400+30:1800+30"]

1. d4 Nf6 2. c4 e6 3. Nc3 Bb4 4. e3 b6 5. Nge2 Ne4 6. Bd2 Nxd2 7. Qxd2 Bb7 8. a3 Be7 9. d5 O-O 10. g3 {[%emt 0:00:35] The position is equal.} a5 11. Bg2 Na6 {[%emt 0:00:28] Black is weak on the light squares} 12. O-O {[%emt 0:01:26][%cal Od5d6] d6! is the strong threat.} Qc8 13. Rab1 Rd8 14. f4 Nc5 15. b4 axb4 16. axb4 Na4 17. Ne4 b5 18. f5 exf5 19. Rxf5 bxc4 {[%emt 0:01:45] [#]} (19... Nb6 $11 {remains equal.}) 20. Nf4 $1 $16 {[%emt 0:04:32] And now Qd4 would win.} Rf8 {[%emt 0:21:48] White must now prevent ...d6.} 21. Nh5 {[%emt 0:02:29] aiming for Qd4.} (21. Qd4 {is interesting.} Ra6 22. d6 Bxe4 23. Nh5) 21... f6 22. Qd4 {[%emt 0:01:27][%cal Of5g5] Strongly threatening Rg5! White is much more active.} c3 $2 {[%emt 0:09:47][%mdl 8192] [#] Loses the game.} 23. Rg5 $3 Rf7 (23... g6 24. Nhxf6+) 24. Nexf6+ Kh8 $2 {[%emt 0:02:10] [#]} (24... Bxf6 25. Nxf6+ Rxf6) 25. Nxh7 $1 $18 Bxg5 (25... Qg8 26. N7f6) 26. Nxg5 Qe8 27. Nxf7+ $2 (27. Qd3 Rf5 28. Qxf5 Qxh5 29. Nf7+ Qxf7 30. Qxf7) 27... Qxf7 28. Nf4 Nb6 $2 (28... Kg8 29. Rc1 Qf6 30. Qxf6 gxf6) 29. Rf1 {[%emt 0:03:20][%cal Od4e4] Qe4! would now be deadly.} Qf6 $2 (29... c2 30. Be4 Ba6) 30. Qe4 {[%emt 0:00:35] Intending Ng6+ and mate.} Kg8 31. Ng6 Qg5 32. Ne7+ {[%emt 0:00:29] White mates.} Kh8 33. Rf4 g6 34. Qd4+ {[%emt 0:00:03] Weighted Error Value: White=0.39/Black=0.67.  Loses game:     	---       	Black=1      Mistake:       	---       	Black=4      Inaccurate:     	White=1     	Black=1      OK:         	White=6     	Black=8      Best:        	White=1     	---        Strong:       	White=1     	---        Brilliant:      	White=1     	---} (34. Qxg6 $2 {perishes.} Ra1+ 35. Kf2 (35. Bf1 $2 Qxg6 36. Nxg6+ Kg7 $19) 35... Qxg6 36. Nxg6+ Kg7 $19) 1-0

[Event "85th Armenian Mens-ch 2024"]
[Site "Yerevan"]
[Date "2024.11.29"]
[Round "6.2"]
[White "Davtyan, Arsen"]
[Black "Gasparyan, Erik R."]
[Result "1/2-1/2"]
[ECO "D38"]
[WhiteElo "2400"]
[BlackElo "2371"]
[Annotator "TA"]
[PlyCount "82"]
[EventDate "2024.11.24"]
[EventCountry "ARM"]
[SourceTitle "playchess.com"]
[Source "ChessBase"]
[SourceQuality "1"]
[TimeControl "40/5400+30:1800+30"]

1. d4 Nf6 2. c4 e6 3. Nf3 d5 4. Nc3 Bb4 5. cxd5 exd5 6. Bf4 Ne4 7. Rc1 Qe7 8. Nd2 Nxc3 $1 9. bxc3 Ba3 10. Rb1 O-O 11. e3 g5 12. Bg3 f5 13. Be5 $1 Nc6 14. Qb3 ({White must play} 14. f4 $1 $14) 14... Nxe5 $15 15. dxe5 f4 $36 {[%emt 0:08:33][%mdl 2048] Black has some pressure.} 16. Qxd5+ Kh8 $1 (16... Be6 17. Qxe6+ Qxe6 18. Bc4 $18 (18. Rxb7 $2 fxe3 19. fxe3 Qxe5 $19)) 17. exf4 (17. e6 $1 $15) 17... c6 ({Better is} 17... Rxf4 {Strongly threatening ...Bf5.} 18. Be2 Be6 19. Qxb7 Rd8) 18. Qb3 $17 Rxf4 (18... Bf5 $5 19. Rd1 a5 $15 (19... gxf4 20. Nf3 $11)) 19. Be2 Bc5 20. O-O Qxe5 21. Rbe1 Qf6 (21... g4 $5) 22. Bf3 {[%emt 0:04:20] Re8+ is the strong threat.} Bf5 {[%emt 0:00:26] This pair of bishops is nice.} 23. Ne4 Bxe4 24. Rxe4 g4 25. Qc4 Rxe4 26. Bxe4 Qe5 27. Qf7 Qe7 (27... Qxe4 $5 28. Qf6+ $8 (28. Qxb7 $2 {loses.} Rf8 $19) 28... Kg8 29. Qg5+ Kh8 30. Qxc5 b6 $14) 28. Qxe7 Bxe7 $11 {[%emt 0:00:04][%mdl 4096] Endgame KRB-KRB} 29. Rd1 Bc5 30. Kf1 Rf8 31. f3 Rf7 {[%emt 0:00:05] Wards off Rd7} 32. Ke2 gxf3+ 33. Bxf3 Kg7 34. Kd3 Bd6 35. h3 Be5 36. Kc2 Kf6 37. Bg4 Kg6 38. Bf3 Kg5 39. Rd3 Bf6 40. Bg4 Re7 41. Rd7 h5 1/2-1/2

[Event "85th Armenian Mens-ch 2024"]
[Site "Yerevan"]
[Date "2024.11.29"]
[Round "6.3"]
[White "Agasarov, Benik"]
[Black "Piliposyan, Robert"]
[Result "1-0"]
[ECO "B47"]
[WhiteElo "2410"]
[BlackElo "2418"]
[Annotator "TA"]
[PlyCount "59"]
[EventDate "2024.11.24"]
[EventCountry "ARM"]
[SourceTitle "playchess.com"]
[Source "ChessBase"]
[SourceQuality "1"]
[TimeControl "40/5400+30:1800+30"]

1. e4 c5 2. Nf3 e6 3. d4 cxd4 4. Nxd4 Nc6 5. Nc3 Qc7 6. Be2 Nf6 7. Qd3 a6 8. Nxc6 bxc6 9. Qg3 Qxg3 10. hxg3 d5 11. g4 Bb4 12. Bd2 Rb8 13. O-O-O O-O 14. f3 Rd8 (14... h6 $14) 15. Bd3 $16 h6 16. Bf4 Ra8 17. Na4 (17. g5 $16 Bxc3 18. bxc3 dxe4 19. fxe4) 17... Nd7 $14 18. g5 e5 19. Bg3 hxg5 20. exd5 cxd5 21. Bh7+ Kf8 22. Rxd5 {[%emt 0:01:32][%cal Oa2a3] Hoping for a3!. White is more active.} Bb7 {[%emt 0:02:31] [#]} 23. Rxd7 $1 Rxd7 24. Nb6 $1 Rd2 (24... Rdd8 $16) 25. Be1 $1 $18 Rad8 26. Bd3 $1 $40 {[%emt 0:00:20][%mdl 128] Black is in trouble.} Bc5 (26... R8xd3 27. cxd3 Rxg2 28. Bxb4+) 27. Bxd2 Bxb6 28. Bb4+ Ke8 $2 {[%emt 0:00:30] [#]} (28... Kg8 29. Bh7+ Kh8) 29. Bf5 $1 (29. Rh8+ Kd7 30. Bf5+ Kc7 31. Rxd8 Kxd8 $11) 29... f6 {[%emt 0:03:06] [#]} 30. Be6 $1 1-0

[Event "85th Armenian Mens-ch 2024"]
[Site "Yerevan"]
[Date "2024.11.29"]
[Round "6.4"]
[White "Babujian, Levon"]
[Black "Hakobyan, Erik"]
[Result "1/2-1/2"]
[ECO "D85"]
[WhiteElo "2330"]
[BlackElo "2409"]
[Annotator "TA"]
[PlyCount "93"]
[EventDate "2024.11.24"]
[EventCountry "ARM"]
[SourceTitle "playchess.com"]
[Source "ChessBase"]
[SourceQuality "1"]
[TimeControl "40/5400+30:1800+30"]

1. d4 Nf6 2. c4 g6 3. Nc3 d5 4. cxd5 Nxd5 5. e4 Nxc3 6. bxc3 Bg7 7. Nf3 c5 8. Rb1 O-O 9. Be2 cxd4 10. cxd4 Qa5+ 11. Bd2 Qxa2 12. O-O Bg4 13. Be3 Nc6 14. d5 Ne5 15. Rxb7 a5 16. Rxe7 a4 17. Re1 (17. Nxe5 Bxe2 18. Qa1 Qxa1 19. Rxa1 Bf6 $17) 17... a3 {[%emt 0:00:30] and ...Bxf3 would now be decisive} 18. Nxe5 Bxe2 19. Rxe2 Qxe2 20. Qxe2 a2 21. Bd4 a1=Q+ 22. Bxa1 Rxa1+ 23. Qf1 $1 Rxf1+ 24. Kxf1 $11 {[%emt 0:00:30][%mdl 4096] Endgame KRB-KRN. White is two pawns up.} Bf6 25. Nc6 Bxe7 26. Nxe7+ {[%emt 0:00:00] KR-KN} Kg7 27. Nc6 Rc8 28. g4 Kf8 29. g5 Ke8 30. Kg2 Ra8 31. Kg3 Ra3+ 32. f3 Ra1 33. Ne5 Ke7 34. Ng4 Kd6 35. Nf6 Rg1+ {[%emt 0:00:00] [#]} 36. Kf4 ({White should play} 36. Kf2 $1 $16 Rh1 37. Kg2 (37. Nxh7 $2 {perishes.} Rxh2+ 38. Kg3 Rxh7 $19)) 36... Rh1 37. e5+ Ke7 38. Ng4 Rd1 39. Nf6 Rh1 40. d6+ Kd8 41. Kg3 Rg1+ $1 42. Kf4 Rh1 43. e6 fxe6 ({Stronger than} 43... Rxh2 44. exf7 (44. e7+ Kc8 45. e8=Q+ Kb7 46. Qb5+ Ka7 47. Nd5 Rh4+ 48. Ke3 Ka8 49. Qa5+ Kb8 50. Qc7+ Ka8 51. Nb6#) 44... Kc8 45. d7+ (45. f8=B Rd2 $18) 45... Kc7 46. f8=Q (46. f8=R Rd2 $18) (46. d8=Q+ Kxd8 47. f8=Q+ Kc7 $18) 46... Rd2 47. Qc5+ (47. Nxh7 Rxd7 48. Nf6 Rd1 $18) (47. Qc8+ Kb6 48. Qc4 Rd6 49. Nd5+ Ka7 50. d8=Q Rf6+ 51. Nxf6 h6 52. Qcd4+ Kb7 53. Q4b6#) 47... Kd8 48. Nd5 (48. Nxh7 Rxd7 49. Nf6 Rd1 50. Nd5 Re1 51. Qa5+ Kd7 52. Qxe1 Kd6 53. Qe5+ Kc5) (48. Qc8+ Ke7 49. Qe8+ Kd6 50. d8=Q+ Kc5 51. Qa5+ Kc4 52. Qeb5+ Kd4 53. Qxd2#) 48... Kxd7 49. Qc7+ Ke6 50. Qc6+ Kf7 51. Qf6+ Kg8 52. Ne7#) 44. Nxh7 Rxh2 (44... Kd7 $5) 45. Nf8 Re2 46. Nxg6 {[%emt 0:00:00] Threatens to win with Ne5.} Kd7 47. Kg4 1/2-1/2

[Event "85th Armenian Mens-ch 2024"]
[Site "Yerevan"]
[Date "2024.11.29"]
[Round "6.6"]
[White "Shahinyan, Vladimir"]
[Black "Pogosyan, Stefan"]
[Result "1/2-1/2"]
[ECO "C45"]
[WhiteElo "2161"]
[BlackElo "2407"]
[Annotator "TA"]
[PlyCount "98"]
[EventDate "2024.11.24"]
[EventCountry "ARM"]
[SourceTitle "playchess.com"]
[Source "ChessBase"]
[SourceQuality "1"]
[TimeControl "40/5400+30:1800+30"]

1. e4 e5 2. Nf3 Nc6 3. d4 exd4 4. Nxd4 Bc5 5. Nxc6 Qf6 6. Qf3 Qxf3 7. gxf3 bxc6 8. Be3 Bb6 9. Rg1 Ne7 10. Nd2 {[%emt 0:01:16] White has an edge.} (10. Rxg7 Bxe3 11. fxe3 Ng6 $17) 10... O-O 11. a4 f5 12. Bg5 Ng6 13. a5 Bd4 14. c3 Be5 15. Bc4+ Kh8 16. exf5 $1 Bxh2 17. Rh1 Rxf5 18. Be3 Bf4 19. Bd3 Rf6 20. Bxg6 Bxe3 21. Rxh7+ Kg8 22. fxe3 Rxg6 23. Rh1 Rb8 $36 {[%emt 0:02:17][%mdl 2048] Black fights for an advantage.} 24. O-O-O d5 25. Rh5 Be6 26. b4 c5 $1 27. e4 cxb4 28. exd5 bxc3 29. Nc4 (29. Ne4 $11 c2 30. Kxc2) 29... Bf7 $17 30. Ne5 $2 (30. Rh4 $15) 30... Rg2 $19 31. Rh4 Rbb2 32. Rdh1 {[%emt 0:00:07] [#]} g5 $1 ({Inferior is} 32... Bxd5 33. Rh8#) (32... Rgc2+ 33. Kd1 Rd2+ (33... Bxd5 34. Rh8#) 34. Kc1 Rdc2+ (34... Rxd5 35. Rh8#) 35. Kd1 $11) 33. Rh8+ Kg7 {[%emt 0:00:01] White must now prevent ...Ra2.} 34. R8h7+ Kf6 35. Ng4+ {[%emt 0:01:16] [#]} Rxg4 $1 36. Rxf7+ $1 $11 Kxf7 37. fxg4 $19 {[%emt 0:00:03][%mdl 4096] Endgame. KR-KR} Rb5 38. a6 Ke7 {[%emt 0:00:54][%cal Oe7d6] And now ...Kd6! would win.} (38... Rxd5 39. Rh7+ Kf6 40. Rxc7 $11) 39. Rh8 $2 (39. Kc2 $15) 39... Rxd5 40. Ra8 Ra5 $2 (40... Kd6 $19 {Strongly threatening ...Kc6.} 41. Kc2 Kc6 42. Rxa7 Rd8) 41. Rxa7 $11 Kd6 42. Ra8 Kc5 (42... Kd5 $11 {might be stronger.}) 43. Rg8 $1 $15 Kb6 44. Rg6+ $1 {[%emt 0:01:16] The position is equal.} c6 {[%emt 0:00:28][%cal Oa5c5] Threatens to win with ...Rc5!} 45. a7 $1 Kxa7 46. Rxc6 Ra4 47. Rxc3 Rxg4 48. Kd2 Rg2+ 49. Ke1 Kb6 {[%emt 0:00:05] Weighted Error Value: White=0.26 (precise) /Black=0.24 (precise) .  Loses game:     	White=2     	---        Missed win:     	---       	Black=1      Mistake:       	White=1     	Black=1      Inaccurate:     	White=1     	Black=2      OK:         	White=12    	Black=16     Best:        	White=6     	Black=3      Strong:       	White=4     	Black=1} 1/2-1/2